 Dungeon Sprint DCSS version 0.18.1-8-gdd0e5ea (webtiles) character file.

1825 Hipnos the Geomancer (level 8, -17/36 HPs)
             Began as a Spriggan Earth Elementalist on May 21, 2016.
             Was the Champion of Sif Muna.
             Killed by an exploding giant spore (26 damage)
             ... in the Dungeon (Sprint I: "Red Sonja").
             The game lasted 00:06:50 (1161 turns).

Hipnos the Geomancer (Spriggan Earth Elementalist)  Turns: 1161, Time: 00:06:54

Health: -17/36     AC:  2    Str:  4    XL:     8   Next: 86%
Magic:  25/25      EV: 21    Int: 19    God:    Sif Muna [******]
Gold:   530        SH:  0    Dex: 16    Spells: 4 memorised, 19 levels left

rFire  . . .     SeeInvis +     b - 2 stones
rCold  . . .     Gourm    .     a - +0 robe
rNeg   . . .     Faith    .     (shield restricted)
rPois  .         Spirit   .     (helmet restricted)
rElec  .         Dismiss  .     (no cloak)
rCorr  .         Reflect  .     (gloves unavailable)
SustAt .         Harm     .     (boots unavailable)
MR     +....     NoTele   +     (no amulet)
Stlth  +.........               (no ring)
                                (no ring)

@: confused, very slightly contaminated, very quick, somewhat resistant to
hostile enchantments, very unstealthy
A: unfitting armour, see invisible, herbivore 3, speed 3, slow metabolism 2
a: Channel Energy, Forget Spell, Renounce Religion


You were in the Dungeon.
You worshipped Sif Muna.
Sif Muna was exalted by your worship.
You were full.

You visited 1 branch You collected 530 gold pieces.

Inventory:

Missiles
 b - 2 stones (in hand)
Armour
 a - a +0 robe (worn)
Potions
 e - a potion of curing
 f - a potion of heal wounds
 g - a potion of haste
 h - a potion of magic
 i - a potion of berserk rage
 k - a potion of cure mutation {unknown}
Books
 c - a book of Geomancy

   Spells                             Type                      Level
   a - Sandblast                      Earth                        1
   b - Passwall                       Transmutation/Earth          2
   c - Stone Arrow                    Conjuration/Earth            3
   d - Petrify                        Transmutation/Earth          4
   e - Lee's Rapid Deconstruction     Earth                        5
 l - Sif Muna's Papyrus of Clay and the Oath
   (Sif Muna gifted it to you in the Dungeon)

   Spells                             Type                      Level
   a - Confuse                        Hexes                        3
   b - Tukima's Dance                 Hexes                        3
   c - Leda's Liquefaction            Hexes/Earth                  4
   d - Darkness                       Hexes                        6
   e - Lehudib's Crystal Spear        Conjuration/Earth            8
   f - Shatter                        Earth                        9


   Skills:
 + Level 6.4 Dodging
 - Level 3.0 Stealth
 + Level 12.7 Spellcasting
 + Level 4.4 Transmutations
 * Level 14.3 Earth Magic


You had 19 spell levels left.
You knew the following spells:

 Your Spells              Type           Power        Failure   Level  Hunger
a - Sandblast             Erth           ######       0%          1    None
b - Stone Arrow           Conj/Erth      #####.       1%          3    None
c - Petrify               Trmt/Erth      #####...     1%          4    #......
d - Lee's Rapid Deconstr  Erth           ######....   1%          5    ####...


Dungeon Overview and Level Annotations

Branches:
Dungeon (1/1)

Altars:
Cheibriados
Dithmenos
Elyvilon
Fedhas
Gozag
Kikubaaqudgha
Makhleb
Nemelex Xobeh
Okawaru
Pakellas
Qazlal
Ru
Sif Muna
Trog
Vehumet
Xom
Yredelemnul
Zin
The Shining One
Jiyva

Shops:
D %


Innate Abilities, Weirdness & Mutations

You are tiny and cannot use many weapons and most armour.
You have supernaturally acute eyesight.
You are a herbivore.
You cover ground extremely quickly.
You need consume almost no food.


Message History

The giant spore waves its rhizomes.
Read which item? (? for menu, Esc to quit)
Blink to where?
Press: ? - help, Dir - move target cursor You are very lightly contaminated with residual magic.
As you read the scroll of blinking, it crumbles to dust.
You open the door.
The giant spore explodes!
A fungus suddenly grows.
The explosion of spores engulfs you!
You are confused.
Ouch! That really hurt!
* * * LOW HITPOINT WARNING * * *
The explosion of spores engulfs the giant spore.
The giant spore explodes!
A fungus suddenly grows.
The explosion of spores engulfs the ballistomycete.
The explosion of spores engulfs you!
You are more confused.
Ouch! That really hurt!
You die...

#..)..#..').#..'..+s.#)..#
#..#####'#####s#__####..s+
#..####..#...#(#### ####s.
#.)#__####..##.# #'#
#..#_.___##)#..+ .
#⌠⌠#_.∩...'.(._#
####_..%_##_(#'#
#_____###'#.#
#########@### +.P.+ #P..#
##.## #'#


!$P $$:$$ ####### You could see a demonic crawler (wandering).

Vanquished Creatures
  Sonja (D)
  2 kobold demonologists (D)
  A slime creature (D)
  Sigmund (D)
  A yak (D)
  A giant eyeball (D)
  An ogre (D)
  A jelly (D)
  Ijyb (D)
10 creatures vanquished.

Notes
Turn   | Place    | Note
--------------------------------------------------------------
     0 | D        | Hipnos the Spriggan Earth Elementalist began the quest for the Orb.
     0 | D        | Reached XP level 1. HP: 9/9 MP: 5/5
     2 | D        | Noticed Ijyb
     7 | D        | Killed Ijyb
     7 | D        | Reached skill level 5 in Earth Magic
     7 | D        | Reached XP level 2. HP: 7/13 MP: 0/7
   148 | D        | Noticed an ogre
   159 | D        | Killed an ogre
   159 | D        | Reached skill level 5 in Dodging
   159 | D        | Reached skill level 5 in Spellcasting
   159 | D        | Reached skill level 7 in Earth Magic
   159 | D        | Reached XP level 3. HP: 16/16 MP: 3/10
   159 | D        | Reached XP level 4. HP: 21/21 MP: 3/12
   243 | D        | Learned a level 3 spell: Stone Arrow
   244 | D        | Noticed Sigmund
   247 | D        | Killed Sigmund
   247 | D        | Reached skill level 9 in Earth Magic
   247 | D        | Reached XP level 5. HP: 10/24 MP: 9/15
   431 | D        | Learned a level 4 spell: Petrify
   437 | D        | Learned a level 5 spell: Lee's Rapid Deconstruction
   437 | D        | Found a deep blue altar of Sif Muna.
   439 | D        | Found a radiant altar of Vehumet.
   443 | D        | Became a worshipper of Sif Muna the Loreminder
   450 | D        | Reached skill level 10 in Earth Magic
   450 | D        | Reached XP level 6. HP: 28/28 MP: 1/17
   577 | D        | Found Afrusk's Food Emporium.
   577 | D        | Found a white marble altar of Elyvilon.
   577 | D        | Found a stormy altar of Qazlal.
   577 | D        | Found a burning altar of Makhleb.
   577 | D        | Found a sacrificial altar of Ru.
   577 | D        | Found an oddly glowing altar of Pakellas.
   577 | D        | Found a basalt altar of Yredelemnul.
   577 | D        | Found a glowing golden altar of the Shining One.
   577 | D        | Found a sparkling altar of Nemelex Xobeh.
   577 | D        | Found a shimmering altar of Xom.
   577 | D        | Found an opulent altar of Gozag.
   577 | D        | Found an ancient bone altar of Kikubaaqudgha.
   577 | D        | Found a glowing silver altar of Zin.
   577 | D        | Noticed a yak
   589 | D        | Killed a yak
   589 | D        | Reached * piety under Sif Muna
   589 | D        | Reached ** piety under Sif Muna
   589 | D        | Reached skill level 11 in Earth Magic
   595 | D        | Found an iron altar of Okawaru.
   596 | D        | Found a bloodstained altar of Trog.
   666 | D        | Found a snail-covered altar of Cheibriados.
   666 | D        | Found a viscous altar of Jiyva.
   666 | D        | Found a shadowy altar of Dithmenos.
   666 | D        | Found a blossoming altar of Fedhas.
   666 | D        | Noticed a slime creature
   672 | D        | Killed a slime creature
   672 | D        | Reached *** piety under Sif Muna
   672 | D        | Reached XP level 7. HP: 32/32 MP: 16/21
   717 | D        | Noticed a kobold demonologist
   718 | D        | Noticed a kobold demonologist
   719 | D        | Noticed a rust devil
   720 | D        | Reached skill level 10 in Spellcasting
   720 | D        | Reached skill level 12 in Earth Magic
   721 | D        | Noticed a chaos spawn
   722 | D        | Killed a kobold demonologist
   722 | D        | Reached **** piety under Sif Muna
   722 | D        | Reached ***** piety under Sif Muna
   722 | D        | Killed a kobold demonologist
   722 | D        | Reached skill level 13 in Earth Magic
   722 | D        | Reached XP level 8. HP: 36/36 MP: 7/24
   815 | D        | Noticed a demonic crawler
   816 | D        | Noticed a demonic crawler
   816 | D        | Noticed a demonic crawler
   817 | D        | Noticed a demonic crawler
   831 | D        | Noticed Sonja
   836 | D        | Killed Sonja
   836 | D        | Reached ****** piety under Sif Muna
   836 | D        | Received a gift from Sif Muna
   836 | D        | Reached skill level 14 in Earth Magic
   837 | D        | Identified Sif Muna's Papyrus of Clay and the Oath (Sif Muna gifted it to you in the Dungeon)
  1161 | D        | Killed by an exploding giant spore

Skill      XL: |  1  2  3  4  5  6  7  8 |
---------------+-------------------------+-----
Dodging        | 4 5 6 |  6.4
Spellcasting   | 3 5 7 9 11 12 | 12.7
Earth Magic    | 5 7 9 10 11 13 14 | 14.3
Transmutations | 2 3 4 |  4.4
Stealth        | |  3.0

Action                   |  1- 3 |  4- 6 |  7- 9 || total
-------------------------+-------+-------+-------++-------
 Cast: Sandblast         |     7 |     6 |     5 ||    18
       Lee's Rapid Decon |       |     5 |     8 ||    13
       Petrify           |       |     3 |     1 ||     4
  Use: Potion            |       |     1 |       ||     1
       Scroll            |       |       |     1 ||     1
  Eat: Bread ration      |       |       |     1 ||     1
Armor: Robe              |       |     1 |       ||     1
Dodge: Dodged            |       |       |     1 ||     1
